 Dungeon Crawl Stone Soup version 0.29.1-4-g47bece8355 (webtiles) character file.

Game seed: 13841327972020600247

3678 GigaChad the Carver (level 9, -5/81 HPs)
             Began as a Minotaur Berserker on Dec 9, 2022.
             Was an Elder of Trog.
             Slain by a torpor snail (44 damage)
             ... on level 1 of the Lair of Beasts.
             The game lasted 00:12:51 (9112 turns).

GigaChad the Carver (Minotaur Berserker)            Turns: 9112, Time: 00:12:52

Health: -5/81      AC: 15    Str: 32    XL:     9   Next: 90%
Magic:  8/8        EV:  2    Int: 10    God:    Trog [****..]
Gold:   348        SH:  0    Dex: 10    Spells: 8/8 levels left

rFire   . . .      SeeInvis .   y - +8 long sword of Forgiveness {holy, rElec Will+ rCorr}
rCold   . . .      Faith    .   A - +0 kite shield
rNeg    . . .      Spirit   .   u - +0 plate armour
rPois   .          Reflect  .   (helmet restricted)
rElec   +          Harm     .   e - +2 cloak
rCorr   +          Rampage  .   (no gloves)
Will    +....                   (no boots)
Stlth   ..........              h - amulet of the acrobat
HPRegen 0.23/turn               q - +6 ring of intelligence
MPRegen 0.11/turn               t - +6 ring of strength

@: sleeping, slowed
A: horns 2, retaliatory headbutt
a: Renounce Religion, Berserk, Trog's Hand, Brothers in Arms


You were on level 1 of the Lair of Beasts.
You worshipped Trog.
Trog was greatly pleased with you.
You visited 3 branches of the dungeon, and saw 10 of its levels.

You collected 512 gold pieces.
You spent 164 gold pieces at shops.

Inventory:

Hand Weapons
 a - a +0 falchion
 w - a +0 battleaxe
 y - the +8 long sword of Forgiveness (weapon) {holy, rElec Will+ rCorr}
   (You found it on level 4 of the Dungeon)

   It has been blessed by the Shining One to cause great damage to the undead
   and demons.
   rElec:     It insulates you from electricity.
   rCorr:     It protects you from acid and corrosion.
   Will:      It increases your willpower.
 B - the +10 short sword "Qodotad" {freeze, Will++ Str+3 Int-2}
   (You found it on level 5 of the Dungeon)

   It freezes those it strikes, dealing additional cold damage.
   It can also slow down cold-blooded creatures.
   Str:       It affects your strength (+3).
   Int:       It affects your intelligence (-2).
   Will:      It greatly increases your willpower.
Missiles
 i - 3 throwing nets (quivered)
Armour
 b - a +0 animal skin
 e - a +2 cloak (worn)
 u - a +0 plate armour (worn)
 A - a +0 kite shield (worn)
Jewellery
 h - an amulet of the acrobat (around neck)
 p - a ring of magical power
 q - a +6 ring of intelligence (left hand)
 t - a +6 ring of strength (right hand)
 x - an amulet of guardian spirit
 E - a +6 ring of dexterity
Wands
 v - a wand of flame (14)
 z - a wand of paralysis (17)
Scrolls
 f - 4 scrolls of teleportation
 k - a scroll of amnesia {unknown}
 l - a scroll of brand weapon {unknown}
 m - a scroll of poison {unknown}
 D - 3 scrolls of blinking
 F - a scroll of identify
Potions
 c - 4 potions of flight {unknown}
 d - 4 potions of heal wounds {unknown}
 g - 4 potions of might
 j - 2 potions of brilliance {unknown}
 n - a potion of resistance {unknown}
 o - 6 potions of curing {unknown}
 r - a potion of ambrosia {unknown}
 s - a potion of attraction {unknown}
 C - 2 potions of mutation {unknown}


   Skills:
 + Level 8.1 Fighting
 + Level 11.0 Long Blades
 + Level 3.1 Axes
 + Level 5.1 Armour
 + Level 6.0 Dodging
 + Level 3.7 Stealth
 + Level 5.2 Shields


You had 8 spell levels left.
You didn't know any spells.
Your spell library was empty.

Dungeon Overview and Level Annotations

Branches:
Dungeon (8/15)             Temple (1/1) D:7            Lair (1/5) D:8

Altars:
Ashenzari
Cheibriados
Dithmenos
Elyvilon
Fedhas
Gozag
Hepliaklqana
Kikubaaqudgha
Makhleb
Nemelex Xobeh
Okawaru
Qazlal
Ru
Sif Muna
Trog
Uskayaw
Vehumet
Wu Jian
Xom
Yredelemnul
Zin
The Shining One

Shops:
D:6 ?   D:7 !*

Annotations:
D:8 1 runed translucent door


Innate Abilities, Weirdness & Mutations

You have a pair of horns on your head.
You reflexively headbutt those who attack you in melee.


Message History

The dream sheep are wreathed in dream dust.
You feel drowsy...
You fall asleep.
Being near the torpor snail leaves you feeling lethargic.
A wolf comes into view.
The dream sheep bites you!!
You wake up.
You slash the dream sheep!
The dream sheep is severely wounded.
A wolf comes into view. x2
The dream sheep bites you but does no damage.
You block the dream sheep's attack.
You closely miss the dream sheep.
The dream sheep is severely wounded.
The wolf howls!
You hear an angry hiss.
A wolf comes into view.
The cane toad misses you. You furiously retaliate!
You headbutt the cane toad!
The dream sheep bites you but does no damage.
The dream sheep barely misses you.
A wolf comes into view. x2
You block the cane toad's attack.
A rime drake comes into view.
You block the torpor snail's attack. The dream sheep bites you.
You barely miss the dream sheep.
The wolf howls! x2
You headbutt the dream sheep.
The dream sheep is almost dead.
You block the cane toad's attack. The dream sheep bites you.
The dream sheep barely misses you. You furiously retaliate!
You headbutt the dream sheep. The dream sheep bites you.
The torpor snail bites you! The cane toad stings you!
You block the wolf's attack.
You hit the dream sheep.
You kill the dream sheep!
Trog accepts your kill. The wolf barely misses you.
You block the dream sheep's attack.
The dream sheep shake their wool and sparkle.
You feel drowsy...
You fall asleep.
The cane toad stings you but does no damage.
The torpor snail bites you!!!
Ouch! That really hurt!
You die...

..###......
#..........
##.#......$.
P......k... #
#...$......
#.#..Yh......
#..FYY.h....
#<@whh....
#.hh......
###.#.....
..##... ..#
## ..# #.# #.


You could see a torpor snail, a cane toad, a rime drake, 6 wolves and 3 dream
sheep.

Vanquished Creatures
  A two-headed ogre (D:8)
  A kobold demonologist (D:7)
  A dream sheep (Lair:1)
  A hornet (D:7)
  A wyvern (D:8)
  Menkaure (D:6)
  A steam dragon (D:7)
  An orc warrior (D:7)
  A centaur (D:8)
  2 phantoms
  A bullfrog (D:6)
  A necrophage (D:7)
  10 scorpions
  8 wights
  3 howler monkeys
  An electric eel (D:8)
  3 hounds
  A jelly (D:6)
  2 orc priests
  A gnoll bouda (D:8)
  3 iguanas
  An orc wizard (D:5)
  Robin (D:2)
  9 adders
  5 gnolls (D:8)
  A shadow imp (D:6)
  4 white imps
  An ufetubus (D:3)
  3 worms (D:2)
  3 dart slugs
  20 orcs
  12 ball pythons
  8 bats
  An endoplasm (D:1)
  6 giant cockroaches
  20 goblins
  10 hobgoblins
  4 jackals (D:4)
  3 quokkas
  4 frilled lizards
  9 kobolds
  4 rats
  3 butterflies (D:8)
177 creatures vanquished.

Vanquished Creatures (others)
  An orc wizard (D:8)
1 creature vanquished.

Grand Total: 178 creatures vanquished

Notes
Turn   | Place    | Note
-------+----------+-------------------------------------------
     0 | D:1      | GigaChad the Minotaur Berserker began the quest for the
                  | Orb.
     0 | D:1      | Reached XP level 1. HP: 19/19 MP: 0/0
    63 | D:1      | Reached skill level 4 in Long Blades
    63 | D:1      | Reached XP level 2. HP: 15/27 MP: 1/1
   622 | D:1      | Reached XP level 3. HP: 34/34 MP: 2/2
   755 | D:2      | Noticed Robin
   755 | D:2      | Found a faded altar of an unknown god.
   778 | D:2      | Reached ** piety under Trog
   781 | D:2      | Killed Robin
  1168 | D:2      | Reached XP level 4. HP: 41/41 MP: 3/3
  1237 | D:2      | Reached skill level 5 in Long Blades
  2092 | D:3      | Found a sacrificial altar of Ru.
  2150 | D:3      | Reached XP level 5. HP: 38/47 MP: 4/4
  2291 | D:3      | Found a shimmering blue altar of Sif Muna.
  2367 | D:3      | Reached *** piety under Trog
  2979 | D:4      | Reached skill level 5 in Fighting
  3873 | D:4      | Found a radiant altar of Vehumet.
  3937 | D:4      | Reached XP level 6. HP: 56/56 MP: 5/5
  4016 | D:4      | Identified the +8 long sword of Forgiveness {holy, rElec
                  | Will+ rCorr}
  4056 | D:4      | Reached skill level 6 in Long Blades
  4056 | D:4      | Reached skill level 1 in Axes
  4056 | D:4      | Reached skill level 1 in Stealth
  4175 | D:5      | Entered Level 5 of the Dungeon
  4423 | D:5      | Identified the +10 short sword "Qodotad" {freeze, Will++
                  | Str+3 Int-2}
  4608 | D:5      | Reached XP level 7. HP: 61/61 MP: 6/6
  4949 | D:6      | Reached skill level 7 in Long Blades
  4961 | D:6      | Reached skill level 1 in Shields
  4976 | D:6      | HP: 3/61 [phantom (3)]
  5432 | D:6      | Reached XP level 8. HP: 64/70 MP: 7/7
  5476 | D:6      | Found Otzakk's Magic Scroll Shoppe.
  5504 | D:6      | Bought a scroll of blinking for 82 gold pieces
  5504 | D:6      | Bought a scroll of blinking for 82 gold pieces
  5822 | D:6      | Reached skill level 5 in Dodging
  5899 | D:6      | Reached skill level 8 in Long Blades
  5986 | D:6      | Noticed Menkaure
  5995 | D:6      | Killed Menkaure
  6495 | D:7      | Reached **** piety under Trog
  6651 | D:7      | Noticed a hornet
  6657 | D:7      | Paralysed by a hornet for 1 turns
  6661 | D:7      | Killed a hornet
  6662 | D:7      | Reached skill level 9 in Long Blades
  6862 | D:7      | Found Zesou's Distillery.
  6979 | D:7      | Found a staircase to the Ecumenical Temple.
  6994 | Temple   | Entered the Ecumenical Temple
  7024 | D:7      | Noticed a kobold demonologist
  7209 | D:7      | Found a basalt altar of Yredelemnul.
  7209 | D:7      | Found an iron altar of Okawaru.
  7288 | D:7      | Found Qycsyuge's Assorted Antiques.
  7354 | D:7      | Noticed a rust devil
  7358 | D:7      | Noticed a smoke demon
  7360 | D:7      | Killed a kobold demonologist
  7361 | D:7      | Reached XP level 9. HP: 34/79 MP: 8/8
  7870 | D:7      | You fall into a shaft and drop 1 floor!
  7884 | D:8      | Found a runed translucent door.
  7886 | D:8      | Found a runed translucent door.
  7911 | D:8      | Reached skill level 10 in Long Blades
  7943 | D:8      | Found a staircase to the Lair.
  8287 | D:8      | Noticed a two-headed ogre
  8301 | D:8      | Killed a two-headed ogre
  8302 | D:8      | Reached skill level 5 in Shields
  8307 | D:8      | Reached skill level 11 in Long Blades
  8307 | D:8      | Reached skill level 5 in Armour
  9105 | Lair:1   | Entered Level 1 of the Lair of Beasts
  9105 | Lair:1   | Noticed a torpor snail
  9105 | Lair:1   | Noticed a cane toad
  9110 | Lair:1   | Noticed a rime drake
  9112 | Lair:1   | Slain by a torpor snail

Illustrated notes

Levels and vault maps discovered:
D:1:      lemuel_arrival_funnel, layout_rooms,
          wander_ebering_terrifying_dragon_lair
D:2:      layout_basic, shapermc_ecumenical_altar_starsandcircs,
          serial_aquarium, aquarium_bridge_square [aquarium_subvault_wall,
          aquarium_subvault_bridge, aquarium_subvault_balcony,
          aquarium_subvault_wall], aquarium_bridge_island_small
          [aquarium_subvault_small_open, aquarium_subvault_bridge,
          aquarium_subvault_bridge, aquarium_subvault_window,
          aquarium_subvault_wall], aquarium_window_corridor_3,
          aquarium_window_2, aquarium_window_1, aquarium_window_1,
          aquarium_view_2b, aquarium_view_2e, aquarium_balcony_5b, uniq_robin
D:3:      layout_loops_corners, mainiacjoe_overflow_catch_the_wave
D:4:      layout_loops_ring, mainiacjoe_overflow_alcove_2
D:5:      layout_loops_ring
D:6:      layout_loops_cross, serial_shops, shop, uniq_menkaure
D:7:      layout_gridville, gammafunk_temple_overflow_elements,
          minmay_temple_entry_junction_2, serial_shops, shop, shop,
          grunt_tough_drop
D:8:      lemuel_insect_pit, layout_cave_pools, lair_entry_dummy,
          minmay_crystal_water
Temple:   sentei_temple_godly_chess
Lair:1:   layout_cave_pods, basic_altar, hangedman_tree_tricks, minivault_19

Skill      XL: |  1  2  3  4  5  6  7  8  9 |
---------------+----------------------------+-----
Long Blades    | 4 5 6 7 9 11 | 11.0
Fighting       | 4 5 6 7 8 |  8.1
Dodging        | 3 4 5 6 |  6.0
Axes           | 1 3 |  3.1
Stealth        | 1 2 3 |  3.7
Shields        | 1 3 5 |  5.2
Armour         | 3 5 |  5.1

Action                   |  1- 3 |  4- 6 |  7- 9 || total
-------------------------+-------+-------+-------++-------
Melee: Falchion          |    65 |    84 |       ||   149
       Headbutt          |    14 |    24 |    23 ||    61
       Battleaxe         |       |    18 |       ||    18
       Long sword        |       |    30 |   177 ||   207
Invok: Berserk           |     1 |       |     1 ||     2
  Use: Scroll            |       |       |     8 ||     8
 Stab: Sleeping          |       |       |     3 ||     3
Armor: Animal skin       |    39 |    32 |    14 ||    85
       Plate armour      |       |       |    66 ||    66
Dodge: Dodged            |    69 |   132 |   142 ||   343
Block: Kite shield       |       |     8 |    97 ||   105
